 Dungeon Crawl Stone Soup version bcrawl-1.17.3 (webtiles) character file.

Game seed: 9473228872362657387

699 Chiseanne the Magician (level 7, -7/52 HPs)
             Began as a Mummy Wanderer on Oct 24, 2019.
             Killed from afar by an ogre (49 damage)
             ... with an exploding inner flame
             ... hexed by the player character
             ... on level 4 of the Dungeon.
             The game lasted 00:12:55 (5049 turns).

Chiseanne the Magician (Mummy Wanderer)             Turns: 5049, Time: 00:12:55

Health: -7/52      AC:  4    Str: 13    XL:     7   Next: 38%
Magic:  4/15       EV: 13    Int: 15    God:
Gold:   263        SH:  0    Dex: 12    Spells: 7/17 levels left

rFire    x . .     SeeInvis .   a - +4 dagger (venom)
rCold    + . .     Gourm    .   (no shield)
rNeg     + + +     Faith    .   d - +0 robe
rPois    ∞         Spirit   .   h - +0 helmet
rElec    .         Reflect  .   (no cloak)
rCorr    .         Harm     .   b - +0 pair of gloves
MR       .....     Clarity  +   (no boots)
Stlth    ++++......             k - amulet of magic regeneration
HPRegen  0.17/turn              g - ring of stealth
MPRegen  0.39/turn              (no ring)

@: very slightly contaminated
A: no food or potions, fire vulnerability, clarity, cold resistance 1, negative
energy resistance 3, torment resistance, unbreathing
a: no special abilities


You were on level 4 of the Dungeon.
You were not hungry.

You visited 1 branch of the dungeon, and saw 4 of its levels.

You collected 263 gold pieces.

Inventory:

Hand Weapons
 a - a +4 dagger of venom (weapon)
 f - a +0 short sword
 n - a +2 dagger of protection
 s - a +0 club
Missiles
 e - 451 stones (quivered)
 i - 417 poisoned needles
 j - 116 arrows
 m - 314 sling bullets
 o - 51 tomahawks
Armour
 b - a +0 pair of gloves (worn)
 d - a +0 robe (worn)
 h - a +0 helmet (worn)
 l - a cursed +0 robe
Jewellery
 g - a ring of stealth (left hand)
 k - an amulet of magic regeneration (around neck)
 p - an uncursed ring of magical power {unknown}
Scrolls
 c - 2 scrolls of teleportation


   Skills:
 * Level 3.2 Fighting
 * Level 2.8 Dodging
 - Level 1.0 Stealth
 * Level 5.8 Spellcasting
 * Level 2.7 Conjurations
 - Level 2.0 Necromancy
 * Level 2.7 Air Magic
 * Level 2.0 Poison Magic
   Level 1.0 Evocations


You had 7 spell levels left.
You knew the following spells:

 Your Spells              Type           Power        Failure   Level  Hunger
a - Magic Dart            Conj           ##..         4%          1    N/A
b - Blink                 Tloc           N/A          22%         2    N/A
c - Conjure Flame         Conj/Fire      #.......     26%         3    N/A
d - Mephitic Cloud        Conj/Pois/Air  ##......     16%         3    N/A
e - Pain                  Necr           ##....       7%          1    N/A

Your spell library contained the following spells:

 Spells                   Type           Power        Failure   Level  Hunger
 Animate Skeleton         Necr           N/A          7%          1    N/A
 Slow                     Hex            #.......     16%         1    N/A
 Vampiric Draining        Necr           ##........   21%         3    N/A
 Call Imp                 Summ           #.......     22%         2    N/A
 Animate Dead             Necr           N/A          54%         4    N/A
 Bolt of Draining         Conj/Necr      ##........   83%         5    N/A
 Regeneration             Chrm/Necr      Unusable     N/A         3    N/A

Dungeon Overview and Level Annotations

Branches:
Dungeon (4/12)
 Temple: D:4-7

Altars:
Lugonu
Yredelemnul


Innate Abilities, Weirdness & Mutations

You do not eat or drink.
Your flesh is vulnerable to fire.
You are immune to poison.
You possess an exceptional clarity of mind.
Your flesh is cold resistant. (rC+)
You are immune to negative energy. (rN+++)
You are immune to unholy pain and torment.
You can survive without breathing.


Message History

Casting: Mephitic Cloud (safe; 17% risk of failure)
Confirm with . or Enter, or press ? or * to list all spells.
Aiming: Magic Dart (safe; 5% risk of failure)
Press: ? - help, Shift-Dir - straight line, f/p - ogre
Aim: an ogre, wielding a +0 giant spiked club (lightly wounded, confused, inner flame)
You miscast Magic Dart.
You are very lightly contaminated with residual magic.
Nothing appears to happen.
You hit the ogre.
The ogre is poisoned.
The ogre is lightly wounded.
The ogre is engulfed in blazing flames.
The ogre closely misses the phantom.
The ogre completely misses you.
The ogre hits itself with a +0 giant spiked club!
The ogre explodes!
The fiery explosion engulfs the phantom.
You destroy the phantom!
Your Poison Magic skill increases to level 2!
The fiery explosion engulfs you! The fire burns you terribly!
Ouch! That really hurt!
You die...

.......##..#.######....##
##...# .........#.#..##
##...## ##...
........###....## #....##
#### ........##.#..#.#
#)...%## #
...........#..###
#..#.).######
...............#
##.####......##
...............# ##.##
##.......
.......##.#...§###..#
#.....##
......##.##...°☼@..##
#....##
..#....#.##..####.##
#....# ............## ###
#....## ....#.#.....
##.....## .###..##...#
#######........ ##
##...... ##.........#####
.# ...... ##..######..###
.. ..#.##. #..## ##.>.###
. ....## #.## #......


There were no monsters in sight!

Vanquished Creatures
  A sky beast (D:4)
  A phantom (D:4)
  An ogre (D:4)
  A bullfrog (D:4)
  A hound (D:4)
  Jessica (D:3)
  3 orc wizards (D:3)
  2 worker ants (D:4)
  A hound zombie (D:4)
  A howler monkey zombie (D:4)
  3 adders (D:3)
  An adder skeleton (D:3)
  3 worms
  4 dart slugs
  6 leopard geckos
  14 orcs
  2 giant cockroaches
  4 goblins
  9 hobgoblins
  9 jackals
  A ball python (D:1)
  4 frilled lizards (D:2)
  14 kobolds
  5 rats
92 creatures vanquished.

Notes
Turn   | Place    | Note
-------+----------+-------------------------------------------
     0 | D:1      | Chiseanne the Mummy Wanderer began the quest for the Orb.
     0 | D:1      | Chiseanne set off with the following items: a +0 club, a
                  | scroll of teleportation, a +0 robe; and the following
                  | spells available to memorise: Animate Skeleton, Pain, Magic
                  | Dart, Slow, Vampiric Draining, Blink, Call Imp, Mephitic
                  | Cloud, Conjure Flame, Animate Dead, Bolt of Draining
     0 | D:1      | Reached XP level 1. HP: 13/13 MP: 5/5
     3 | D:1      | Learned a level 1 spell: Pain
     5 | D:1      | Learned a level 1 spell: Magic Dart
   234 | D:1      | Reached XP level 2. HP: 3/20 MP: 7/7
   566 | D:1      | Reached skill level 1 in Fighting
   774 | D:1      | Learned a level 2 spell: Blink
  1030 | D:1      | Reached skill level 1 in Dodging
  1030 | D:1      | Reached XP level 3. HP: 24/26 MP: 3/8
  2239 | D:2      | Found a faded altar of an unknown god.
  2380 | D:2      | Reached XP level 4. HP: 30/32 MP: 10/10
  2473 | D:3      | Found a basalt altar of Yredelemnul.
  2473 | D:3      | Found a corrupted altar of Lugonu.
  2741 | D:3      | Learned a level 3 spell: Conjure Flame
  2745 | D:3      | Learned a level 3 spell: Mephitic Cloud
  2951 | D:3      | Reached XP level 5. HP: 36/38 MP: 0/12
  2964 | D:3      | Reached skill level 5 in Spellcasting
  3259 | D:3      | Noticed Jessica
  3272 | D:3      | Killed Jessica
  3512 | D:3      | Reached skill level 1 in Poison Magic
  4064 | D:4      | Reached XP level 6. HP: 45/46 MP: 5/13
  4404 | D:4      | Noticed a sky beast
  4416 | D:4      | Killed a sky beast
  4726 | D:4      | Reached XP level 7. HP: 52/52 MP: 5/15
  5049 | D:4      | Killed from afar by an ogre

Skill      XL: |  1  2  3  4  5  6  7 |
---------------+----------------------+-----
Fighting       | 1 2 3 |  3.2
Dodging        | 1 2 |  2.8
Spellcasting   | 5 |  5.8
Conjurations   | 2 |  2.7
Air Magic      | 2 |  2.7
Poison Magic   | 1 2 |  2.0
Stealth        | |  1.0
Necromancy     | |  2.0
Evocations     | |  1.0

Action                   |  1- 3 |  4- 6 |  7- 9 || total
-------------------------+-------+-------+-------++-------
Melee: Dagger            |   111 |    70 |    25 ||   206
       Club              |     2 |       |       ||     2
 Cast: Magic Dart        |    73 |    95 |    17 ||   185
       Mephitic Cloud    |       |     8 |     1 ||     9
       Conjure Flame     |       |     3 |     1 ||     4
  Use: Scroll            |       |     8 |     2 ||    10
 Stab: Sleeping          |     1 |     1 |     2 ||     4
       Confused          |       |     1 |       ||     1
Armor: Robe              |    23 |    25 |     8 ||    56
Dodge: Dodged            |    66 |    51 |    15 ||   132
